 Dungeon Crawl Stone Soup version 0.30-a0-358-g0d69a1922f (webtiles) character file.

Game seed: 11267819943819415537

187 mopl the Stinger (level 5, -31/31 HPs)
             Began as an Octopode Venom Mage on Nov 10, 2022.
             Was an Initiate of Vehumet.
             Killed by an exploding adder (46 damage)
             ... ignited by their inner flame
             ... on level 3 of the Dungeon.
             The game lasted 00:05:37 (2284 turns).

mopl the Stinger (Octopode Venom Mage)              Turns: 2284, Time: 00:05:38

Health: -31/31     AC:  1    Str:  7    XL:     5   Next: 66%
Magic:  10/10      EV: 13    Int: 20    God:    Vehumet [......]
Gold:   133        SH:  0    Dex: 12    Spells: 0/10 levels left

rFire   . . .      SeeInvis .    (no weapon)
rCold   . . .      Faith    .    (no shield)
rNeg    . . .      Spirit   .    (helmet restricted)
rPois   .          Reflect  .    o - amulet of magic regeneration
rElec   .          Harm     .    (no ring)
rCorr   .          Rampage  .    (no ring)
Will    .....      Clarity  +    (no ring)
Stlth   +++.......               (no ring)
HPRegen 0.25/turn                (no ring)
MPRegen 0.52/turn                (no ring)
                                 (no ring)
                                 (no ring)

@: no status effects
A: almost no armour, amphibious, 8 rings, camouflage 1, gelatinous body 1,
(nimble swimmer 1), tentacles, clarity, high MP 1
a: Renounce Religion


You were on level 3 of the Dungeon.
You worshipped Vehumet.
Vehumet was noncommittal.
You visited 1 branch of the dungeon, and saw 3 of its levels.

You collected 133 gold pieces.

Inventory:

Jewellery
 o - an amulet of magic regeneration (around mantle)
 p - a ring of fire
Wands
 b - a wand of iceblast (13)
Scrolls
 h - a scroll of poison {unknown}
 i - a scroll of silence {!r}
 j - 2 scrolls of teleportation {unknown}
 l - 2 scrolls of identify {unknown}
 m - 2 scrolls of fog {unknown}
 n - a scroll of noise
Potions
 a - a potion of magic
 c - a potion of mutation {!q}
 f - a potion of resistance {unknown}
 k - 2 potions of flight


   Skills:
 - Level 2.0 Dodging
 - Level 2.6 Stealth
 + Level 3.2 Spellcasting
 + Level 2.0 Conjurations
 - Level 1.0 Transmutations
 - Level 2.0 Air Magic
 + Level 5.1 Poison Magic


You couldn't memorise any spells.
You knew the following spells:

 Your Spells              Type           Power      Damage    Failure   Level
a - Sting                 Tmut/Pois      60%        1d6       4%          1
b - Poisonous Vapours     Pois/Air       34%        N/A       4%          2
c - Mephitic Cloud        Conj/Pois/Air  15%        N/A       12%         3
o - Olgreb's Toxic Radia  Pois           23%        N/A       17%         4

Your spell library contained the following spells:

 Spells                   Type           Power      Damage    Failure   Level


Dungeon Overview and Level Annotations

Branches:
Dungeon (3/15)

Altars:
Vehumet

Shops:
D:3 ?


Innate Abilities, Weirdness & Mutations

You cannot wear most types of armour.
You are amphibious.
You can wear up to eight rings at the same time.
Your skin changes colour to match your surroundings (Stealth+).
Your rubbery body absorbs attacks. (AC +1, EV +1)
((You are camouflaged when in or above water. (Stealth+)))
You have tentacles for arms and can constrict up to eight enemies at once.
You possess an exceptional clarity of mind.
You have an increased reservoir of magic. (+10% MP)


Message History

Poisonous vapours surround the adder!
The adder is poisoned.
The adder bites you.
Unknown command.
The adder bites you.
You are poisoned.
The adder poisons you!
Casting: Poisonous Vapours (safe; 4% risk of failure)
Confirm with . or Enter, or press ? or * to list all spells.
Aiming: Poisonous Vapours (safe; 4% risk of failure)
Press: ? - help, Dir - move target, f/p - adder
Aim: an adder (lightly wounded, poisoned) Poisonous vapours surround the adder!
The adder looks even sicker.
You feel sick. The adder bites you.
Unknown command.
You feel sick.
You feel sick. The adder closely misses you.
As you read the scroll labelled COAFU IBAOXT, it crumbles to dust.
You assume a fearsome visage.
The phantom is unaffected.
The adder looks frightened!
It was a scroll of fear.
You feel sick.
As you read the scroll labelled OMOROU FIRARHY, it crumbles to dust.
It is a scroll of enchant weapon.
You aren't carrying any weapons that can be enchanted.
You feel sick.
You are no longer poisoned.
Cornered, the adder turns to fight!
As you read the scroll labelled ALOOGGU TINWIT, it crumbles to dust.
The creatures around you are filled with an inner flame!
It was a scroll of immolation.
As you read the scroll labelled JIUK EROLENIO, it crumbles to dust.
You hear a loud clanging noise!
It was a scroll of noise.
Flame seeps out of the adder.
The adder looks more healthy.
The adder is engulfed in blazing flames.
Vehumet accepts your kill.
The adder explodes!
The fiery explosion engulfs the phantom!!!
Vehumet accepts your kill. The fiery explosion engulfs you!!!
Ouch! That really hurt!
You die...

### #.# #######@#
#########....§○.#
##.........#######
...######### ####


There were no monsters in sight!

Vanquished Creatures
  A phantom (D:3)
  Ijyb (D:3)
  Natasha (twice) (D:3)
  An iguana (D:2)
  3 adders
  2 worms (D:2)
  A dart slug (D:3)
  2 endoplasms (D:2)
  A giant cockroach (D:2)
  5 goblins
  13 hobgoblins
  3 jackals (D:1)
  2 kobolds (D:1)
  4 quokkas
  4 ball pythons
  6 bats
  6 frilled lizards
  6 rats
63 creatures vanquished.

Notes
Turn   | Place    | Note
-------+----------+-------------------------------------------
     0 | D:1      | mopl the Octopode Venom Mage began the quest for the Orb.
     0 | D:1      | Reached XP level 1. HP: 11/11 MP: 3/3
   119 | D:1      | Reached XP level 2. HP: 15/17 MP: 0/5
   122 | D:1      | Learned a level 2 spell: Poisonous Vapours
   145 | D:1      | Reached skill level 4 in Poison Magic
   250 | D:1      | Found a faded altar of an unknown god.
   445 | D:1      | Reached skill level 1 in Air Magic
   479 | D:1      | Reached XP level 3. HP: 21/21 MP: 3/6
   507 | D:1      | Learned a level 3 spell: Mephitic Cloud
  1079 | D:2      | Reached skill level 1 in Conjurations
  1079 | D:2      | Reached XP level 4. HP: 27/27 MP: 0/8
  1867 | D:3      | Found a radiant altar of Vehumet.
  1885 | D:3      | Became a worshipper of Vehumet
  1887 | D:3      | Noticed Ijyb
  2018 | D:3      | Noticed Natasha
  2031 | D:3      | Killed Natasha
  2032 | D:3      | Reached skill level 3 in Spellcasting
  2032 | D:3      | Reached skill level 2 in Air Magic
  2032 | D:3      | Reached XP level 5. HP: 24/31 MP: 7/9
  2037 | D:3      | Learned a level 4 spell: Olgreb's Toxic Radiance
  2166 | D:3      | Noticed Natasha
  2179 | D:3      | Gained mutation: You possess an exceptional clarity of
                  | mind. [potion of mutation]
  2179 | D:3      | Gained mutation: You have an increased reservoir of magic.
                  | (+10% MP) [potion of mutation]
  2185 | D:3      | Killed Natasha
  2186 | D:3      | Reached skill level 5 in Poison Magic
  2205 | D:3      | Killed Ijyb
  2206 | D:3      | Reached skill level 2 in Conjurations
  2212 | D:3      | Noticed a phantom
  2223 | D:3      | Found Qar Hoir's Magic Scroll Boutique.
  2284 | D:3      | Killed a phantom
  2284 | D:3      | Killed by an exploding adder... ignited by their inner
                  | flame

Illustrated notes

Levels and vault maps discovered:
D:1:      grunt_arrival_crossed_arrows, layout_loops_ring,
          hellmonk_ecumenical_altar_lost_god
D:2:      layout_basic, minmay_liquid_box
D:3:      kennysheep_goblin_castle, layout_loops_ring, nicolae_vehumet_radiance,
          minitemple, serial_shops, shop, portal_sewer_entry_b,
          grunt_ministairs_12, nicolae_elevator_lobby_plus, uniq_ijyb,
          uniq_natasha, uniq_terence

Skill      XL: |  1  2  3  4  5 |
---------------+----------------+-----
Poison Magic   | 4 5 |  5.1
Air Magic      | 1 2 |  2.0
Conjurations   | 1 2 |  2.0
Spellcasting   | 3 |  3.2
Dodging        | |  2.0
Stealth        | |  2.6
Transmutations | |  1.0

Action                   |  1- 3 |  4- 6 || total
-------------------------+-------+-------++-------
Melee: Unarmed           |    58 |    51 ||   109
       Constrict         |    21 |    10 ||    31
       Tentacles         |    18 |    18 ||    36
 Cast: Sting             |    35 |    30 ||    65
       Poisonous Vapours |     3 |     3 ||     6
  Use: Scroll            |       |     5 ||     5
       Potion            |       |     4 ||     4
 Stab: Sleeping          |     1 |     5 ||     6
Armor: Skin              |     5 |     3 ||     8
Dodge: Dodged            |    40 |    49 ||    89

Table legend: (Time is in decaauts)
 A = Elapsed time spent in this place.
 B = Non-inter-level travel time spent in this place.
 C = Inter-level travel time spent in this place.
 D = Time resting spent in this place.
 E = Time spent auto-exploring this place.
 F = Levels seen in this place.
 G = Mean time per level.
                   A        B        C        D        E       F      G
               +--------+--------+--------+--------+--------+-----+--------+
         Total |   2283 |   2252 |     31 |     96 |   1364 |   3 |  761.0 |
       Dungeon |   2283 |   2252 |     31 |     96 |   1364 |   3 |  761.0 |
               +--------+--------+--------+--------+--------+-----+--------+

Top non-repeatable levels by time:
     D:2: 1174 daAuts
     D:1: 639 daAuts
     D:3: 469 daAuts
